 Dungeon Sprint DCSS version 0.27-a0-1513-g2aaa0cc67b (webtiles) character file.

Game seed: 2765859351303931385

63259 mhtbhm the Hoplite (level 14, -19/219 HPs)
             Began as a Minotaur Fighter on July 9, 2021.
             Was a High Priest of Qazlal.
             Demolished by Ubeicech the pandemonium lord (30 damage)
             ... in the Dungeon (Sprint VII: "The Pits").
             The game lasted 00:09:39 (5037 turns).

mhtbhm the Hoplite (Minotaur Fighter)               Turns: 5037, Time: 00:09:40

Health: -19/219    AC:  0    Str: 26    XL:     14   Next: 67%
Magic:  7/26       EV:  9    Int:  5    God:    Qazlal [*****.]
Gold:   30         SH: 25    Dex: 10    Spells: 13/13 levels left

rFire    + + +     SeeInvis .   a - +3 broad axe (flame)
rCold    + + +     Faith    .   c - +2 shield of Resistance {rF++ rC++ Will++}
rNeg     . . .     Spirit   .   b - +2 gold dragon scales
rPois    +         Reflect  .   (helmet restricted)
rElec    .         Harm     .   n - +0 cloak {Stlth+}
rCorr    .         Rampage  .   D - +3 pair of gauntlets of War {Slay+5}
Will     +++..     NoTele   +   (no boots)
Stlth    ..........             (no amulet)
HPRegen  0.46/turn              o - +3 ring of protection
MPRegen  0.20/turn              p - +3 ring of protection

@: berserking (expiring), corroded, repel missiles, very quick
A: horns 2, retaliatory headbutt
a: Renounce Religion, Upheaval, Elemental Force, Disaster Area


You were in the Dungeon.
You worshipped Qazlal.
Qazlal was extremely pleased with you.
You visited 1 branch You collected 30 gold pieces.

Inventory:

Hand Weapons
 a - a +3 broad axe of flaming (weapon)
Missiles
 s - 2 throwing nets (quivered)
Armour
 b - +2 gold dragon scales (worn)
 c - the +2 shield of Resistance (worn) {rF++ rC++ Will++}
   (You found it in the Dungeon)

   rF:        It greatly protects you from fire.
   rC:        It greatly protects you from cold.
   Will:      It greatly increases your willpower.
 n - a +0 cloak of stealth (worn)
 D - the +3 pair of gauntlets of War (worn) {Slay+5}
   (You found it in the Dungeon)

   Slay:      It affects your accuracy & damage with ranged weapons and melee
   (+5).
Jewellery
 o - a +3 ring of protection (left hand)
 p - a +3 ring of protection (right hand)
 z - a ring of positive energy
 B - a ring of see invisible
 C - a ring of flight
Scrolls
 l - 5 scrolls of amnesia
 m - a scroll of summoning
 t - 2 scrolls of fear
 u - a scroll of identify
 v - 5 scrolls of enchant weapon
 x - a scroll of fog
 y - 2 scrolls of enchant armour
Potions
 d - 2 potions of might
 e - 8 potions of curing
 f - 5 potions of heal wounds
 g - a potion of haste
 h - 3 potions of magic
 i - a potion of berserk rage
 k - a potion of invisibility
 q - a potion of brilliance
 r - 4 potions of mutation
 w - 2 potions of resistance
Miscellaneous
 A - a tin of tremorstones (2/2)


   Skills:
 + Level 19.2 Fighting
 + Level 21.0 Axes
 + Level 17.0 Armour
 + Level 9.5 Dodging
 + Level 8.8 Stealth
 + Level 22.1 Shields
 * Level 19.2 Invocations
 + Level 2.2 Evocations


You had 13 spell levels left.
You didn't know any spells.
Your spell library was empty.

Dungeon Overview and Level Annotations

Branches:
Dungeon (1/1)

Altars:
Ashenzari
Cheibriados
Dithmenos
Elyvilon
Fedhas
Gozag
Hepliaklqana
Kikubaaqudgha
Makhleb
Nemelex Xobeh
Okawaru
Qazlal
Ru
Sif Muna
Trog
Uskayaw
Vehumet
Wu Jian
Xom
Yredelemnul
Zin
The Shining One
Beogh
Jiyva
Lugonu


Innate Abilities, Weirdness & Mutations

You have a pair of horns on your head.
You reflexively headbutt those who attack you in melee.


Message History

Unknown command.
You miss Ubeicech. Your headbutt misses Ubeicech.
Ubeicech is heavily wounded.
Ubeicech tentacle-slaps you!
* * * LOW HITPOINT WARNING * * *
Ubeicech corrodes you!
You closely miss Ubeicech.
Ubeicech is heavily wounded.
You block Ubeicech's attack.
Unknown command.
You hit Ubeicech.
Ubeicech is heavily wounded.
You block Ubeicech's attack.
Unknown command.
You hit Ubeicech but do no damage.
Ubeicech is heavily wounded.
You block Ubeicech's attack.
Unknown command.
You barely miss Ubeicech. Your headbutt misses Ubeicech.
Ubeicech is heavily wounded.
Unknown command.
You hit Ubeicech but do no damage.
Ubeicech is heavily wounded.
You block Ubeicech's attack.
Unknown command.
You completely miss Ubeicech. Your headbutt misses Ubeicech.
Ubeicech is heavily wounded.
Ubeicech tentacle-slaps you!!!
* * * LOW HITPOINT WARNING * * *
Ubeicech corrodes you!
Unknown command.
You completely miss Ubeicech. Your headbutt misses Ubeicech.
Ubeicech is heavily wounded.
Ubeicech tentacle-slaps you.
* * * LOW HITPOINT WARNING * * *
Ubeicech corrodes you!
You closely miss Ubeicech.
Ubeicech is heavily wounded.
Ubeicech tentacle-slaps you!!
You die...

#+#
##≈##
...
≈..
#.#
#)#
#&#
#@#
#.#
#'#
#≈#
#.#
#.#
#.#
#.#
#)#


You could see Ubeicech.

Vanquished Creatures
  An ancient lich (D)
  An orb of fire (D)
  A pandemonium lord (D)
  An Ice Fiend (D)
  Frances (D)
  2 frost giants (D)
  A ghost moth (D)
  2 orc warlords (D)
  A ghoul (D)
  A deep elf demonologist (D)
  A merfolk impaler (D)
  A hydra (D)
  A deep elf high priest (D)
  Harold (D)
  A naga warrior (D)
  6 vault guards (D)
  A boulder beetle (D)
  A yaktaur captain (D)
  A catoblepas (D)
  A sun demon (D)
  3 hell knights (D)
  A deep elf knight (D)
  A shadow wraith (D)
  A sea snake (D)
  2 deep trolls (D)
  A flayed ghost (D)
  A phantasmal warrior (D)
  A deep elf pyromancer (D)
  3 necromancers (D)
  2 deep elf zephyrmancers (D)
  A wolf spider (D)
  10 orc knights (D)
  2 black mambas (D)
  A smoke demon (D)
  An orange demon (D)
  A rust devil (D)
  A molten gargoyle (D)
  A rime drake (D)
  2 yaktaurs (D)
  A komodo dragon (D)
  A demonic crawler (D)
  A red devil (D)
  A wandering mushroom (D)
  3 merfolk (D)
  5 blink frogs (D)
  Grinder (D)
  A jumping spider (D)
  13 dream sheep (D)
  A snapping turtle (D)
  2 redbacks (D)
  4 yaks (D)
  2 wyverns (D)
  A fire bat (D)
  2 steam dragons (D)
  A neqoxec (D)
  A warg (D)
  5 floating eyes (D)
  A swamp drake (D)
  A black bear (D)
  6 orc warriors (D)
  An ogre (D)
  A wolf (D)
  A phantom (D)
  An earth elemental (D)
  A gnoll sergeant (D)
  A scorpion (D)
  2 jellies (D)
  A quasit (D)
  An orc priest (D)
  An iguana (D)
  An iron imp (D)
  Crazy Yiuf (D)
  A mummy (D)
  5 gnolls (D)
  A river rat (D)
  7 orcs (D)
  An endoplasm (D)
  A goblin (D)
  4 jackals (D)
  2 ball pythons (D)
  A bat (D)
  A frilled lizard (D)
  A giant cockroach simulacrum (D)
  A kobold (D)
  A rat (D)
157 creatures vanquished.

Vanquished Creatures (others)
  An orc warlord (D)
1 creature vanquished.

Grand Total: 158 creatures vanquished

Notes
Turn   | Place    | Note
-------+----------+-------------------------------------------
     0 | D        | mhtbhm the Minotaur Fighter began the quest for the Orb.
     0 | D        | Reached XP level 1. HP: 19/19 MP: 0/0
    24 | D        | Found a bloodstained altar of Trog.
    24 | D        | Found a shimmering blue altar of Sif Muna.
    24 | D        | Found a viscous altar of Jiyva.
    24 | D        | Found a hazy altar of Hepliaklqana.
    24 | D        | Found an opulent altar of Gozag.
    25 | D        | Found a glowing golden altar of the Shining One.
    25 | D        | Found a glowing silver altar of Zin.
    25 | D        | Found a basalt altar of Yredelemnul.
    25 | D        | Found a shimmering altar of Xom.
    25 | D        | Found an ornate altar of the Wu Jian Council.
    25 | D        | Found a sacrificial altar of Ru.
    25 | D        | Found a stormy altar of Qazlal.
    25 | D        | Found an iron altar of Okawaru.
    25 | D        | Found a sparkling altar of Nemelex Xobeh.
    25 | D        | Found a burning altar of Makhleb.
    25 | D        | Found a blossoming altar of Fedhas.
    25 | D        | Found a white marble altar of Elyvilon.
    25 | D        | Found a shadowy altar of Dithmenos.
    25 | D        | Found a snail-covered altar of Cheibriados.
    27 | D        | Found a radiant altar of Vehumet.
    27 | D        | Found a corrupted altar of Lugonu.
    28 | D        | Found a hide-covered altar of Uskayaw.
    28 | D        | Found an ancient bone altar of Kikubaaqudgha.
    28 | D        | Found a broken altar of Ashenzari.
    34 | D        | Became a worshipper of Qazlal Stormbringer
    72 | D        | Noticed a floating eye
    74 | D        | Paralysed by a floating eye for 2 turns
    76 | D        | Killed a floating eye
    77 | D        | Reached skill level 6 in Shields
    77 | D        | Reached XP level 2. HP: 31/31 MP: 1/1
    77 | D        | Reached XP level 3. HP: 38/38 MP: 2/2
    77 | D        | Reached XP level 4. HP: 45/45 MP: 3/3
    80 | D        | Noticed a scorpion
    84 | D        | Killed a scorpion
    84 | D        | Reached * piety under Qazlal
    85 | D        | Reached skill level 7 in Shields
    85 | D        | Reached XP level 5. HP: 53/53 MP: 4/4
    87 | D        | Reached ** piety under Qazlal
   102 | D        | Noticed a floating eye
   104 | D        | Paralysed by a floating eye for 4 turns
   109 | D        | Killed a floating eye
   110 | D        | Reached skill level 8 in Shields
   111 | D        | Reached *** piety under Qazlal
   113 | D        | Reached XP level 6. HP: 58/62 MP: 5/5
   206 | D        | Noticed Crazy Yiuf
   214 | D        | Killed Crazy Yiuf
   214 | D        | Reached **** piety under Qazlal
   215 | D        | Reached skill level 9 in Shields
   215 | D        | Noticed a floating eye
   222 | D        | Reached ***** piety under Qazlal
   223 | D        | Reached skill level 1 in Dodging
   224 | D        | Killed a floating eye
   229 | D        | Reached XP level 7. HP: 31/71 MP: 6/6
   243 | D        | Reached skill level 10 in Shields
   444 | D        | Noticed an orange demon
   456 | D        | Killed an orange demon
   457 | D        | Reached skill level 10 in Fighting
   457 | D        | Reached skill level 10 in Axes
   457 | D        | Reached skill level 10 in Armour
   457 | D        | Reached skill level 11 in Shields
   611 | D        | Paralysed by a floating eye for 2 turns
   615 | D        | Reached ****** piety under Qazlal
   619 | D        | Reached XP level 8. HP: 72/80 MP: 7/7
   653 | D        | Noticed a komodo dragon
   665 | D        | HP: 1/81 [komodo dragon (22)]
   666 | D        | Reached skill level 12 in Shields
   669 | D        | Killed a komodo dragon
  1027 | D        | Noticed a dream sheep
  1027 | D        | Noticed a dream sheep
  1027 | D        | Noticed a dream sheep
  1027 | D        | Noticed a demonic crawler
  1028 | D        | Noticed a dream sheep
  1028 | D        | Noticed a dream sheep
  1030 | D        | Noticed a dream sheep
  1032 | D        | Killed a dream sheep
  1037 | D        | Killed a dream sheep
  1038 | D        | Reached skill level 13 in Shields
  1040 | D        | Killed a dream sheep
  1040 | D        | Killed a dream sheep
  1041 | D        | Reached XP level 9. HP: 43/89 MP: 8/8
  1042 | D        | Killed a demonic crawler
  1045 | D        | Reached skill level 14 in Shields
  1231 | D        | Noticed a merfolk
  1232 | D        | Noticed a smoke demon
  1236 | D        | Noticed a merfolk impaler
  1238 | D        | Noticed a merfolk
  1241 | D        | Noticed a merfolk
  1241 | D        | Noticed a deep elf zephyrmancer
  1246 | D        | Killed a smoke demon
  1253 | D        | Killed a merfolk impaler
  1253 | D        | Killed a merfolk
  1254 | D        | Reached XP level 10. HP: 65/97 MP: 8/11
  1255 | D        | Killed a deep elf zephyrmancer
  1256 | D        | Reached skill level 15 in Shields
  1259 | D        | Reached skill level 15 in Axes
  1641 | D        | Reached skill level 5 in Dodging
  1708 | D        | Killed a shadow wraith
  1709 | D        | Reached skill level 5 in Invocations
  1711 | D        | Noticed a wolf spider
  1723 | D        | Killed a wolf spider
  2147 | D        | Reached skill level 16 in Shields
  2150 | D        | Reached skill level 1 in Stealth
  2180 | D        | Noticed a flayed ghost
  2184 | D        | Killed a flayed ghost
  2192 | D        | Noticed a deep troll
  2200 | D        | Killed a deep troll
  2201 | D        | Reached XP level 11. HP: 85/107 MP: 13/15
  2211 | D        | Noticed a deep elf zephyrmancer
  2229 | D        | Killed a deep elf zephyrmancer
  2334 | D        | Noticed a catoblepas
  2337 | D        | Noticed a phantasmal warrior
  2341 | D        | Killed a catoblepas
  2352 | D        | Killed a phantasmal warrior
  2353 | D        | Reached skill level 17 in Shields
  2353 | D        | Killed a ghost moth
  2355 | D        | Noticed a four-headed hydra
  2372 | D        | Killed a nine-headed hydra
  2677 | D        | Reached skill level 18 in Shields
  2922 | D        | Noticed a boulder beetle
  2924 | D        | Noticed Harold
  2924 | D        | Noticed Grinder
  2929 | D        | Reached skill level 15 in Fighting
  2933 | D        | Noticed a sea snake
  2940 | D        | Killed a boulder beetle
  2941 | D        | Reached XP level 12. HP: 119/121 MP: 18/18
  2943 | D        | Killed Grinder
  2944 | D        | Reached skill level 10 in Invocations
  2954 | D        | Killed Harold
  3610 | D        | Noticed an orc warlord
  3625 | D        | Killed an orc warlord
  3626 | D        | Reached skill level 19 in Shields
  3703 | D        | Noticed a deep elf demonologist
  3703 | D        | Noticed an orc warlord
  3703 | D        | Noticed an orc warlord
  3704 | D        | Noticed Frances
  3707 | D        | Killed a deep elf demonologist
  3712 | D        | Reached skill level 15 in Armour
  3714 | D        | Killed an orc warlord
  3715 | D        | Killed Frances
  3716 | D        | Reached XP level 13. HP: 83/132 MP: 13/21
  3720 | D        | Killed an orc warlord
  3722 | D        | Reached skill level 5 in Stealth
  3722 | D        | Reached skill level 20 in Shields
  4143 | D        | Found the +3 pair of gauntlets of War {Slay+5}
  4238 | D        | Found the +2 shield of Resistance {rF++ rC++ Will++}
  4434 | D        | Noticed an Ice Fiend
  4443 | D        | Killed an Ice Fiend
  4444 | D        | Reached skill level 15 in Invocations
  4452 | D        | Noticed a frost giant
  4457 | D        | Killed a frost giant
  4458 | D        | Reached skill level 1 in Evocations
  4549 | D        | Noticed Fupylov the pandemonium lord
  4576 | D        | Killed Fupylov the pandemonium lord
  4577 | D        | Reached skill level 21 in Shields
  4577 | D        | Reached XP level 14. HP: 21/144 MP: 18/25
  4967 | D        | Noticed a ghoul
  4978 | D        | Killed a ghoul
  4981 | D        | Noticed an ancient lich
  4992 | D        | Killed an ancient lich
  4995 | D        | Noticed a frost giant
  4998 | D        | Killed a frost giant
  5003 | D        | Noticed an orb of fire
  5003 | D        | Noticed Ubeicech the pandemonium lord
  5005 | D        | Killed an orb of fire
  5006 | D        | Reached skill level 22 in Shields
  5037 | D        | Demolished by Ubeicech the pandemonium lord

Illustrated notes

Levels and vault maps discovered:
D:        pitsprint [storerooms_1, entrance_room_1, metal_vault_6, armoury_2,
          mini_pit_1, grid_room_1, main_hall_1, silver_pit, the_coven_1,
          the_vestibule_1, steel_vault_1, golden_pit, hallway_of_sentries,
          crystal_vault_2, iron_vault_2, final_vault]

Skill      XL: |  1  2  3  4  5  6  7  8  9 10 11 12 13 14 |
---------------+-------------------------------------------+-----
Fighting       | 6 7 8 9 10 11 12 13 15 17 18 19 | 19.2
Axes           | 4 6 8 11 13 14 16 17 19 20 21 | 21.0
Armour         | 6 7 8 9 10 11 12 13 14 15 16 17 | 17.0
Shields        | 6 7 8 9 11 13 14 16 18 19 21 22 | 22.1
Dodging        | 1 3 4 5 6 8 9 |  9.5
Invocations    | 3 6 9 12 16 19 | 19.2
Stealth        | 1 3 4 8 |  8.8
Evocations     | 1 2 |  2.2

Action                   |  1- 3 |  4- 6 |  7- 9 | 10-12 | 13-15 || total
-------------------------+-------+-------+-------+-------+-------++-------
Melee: Hand axe          |     2 |    38 |    56 |       |       ||    96
       Headbutt          |     1 |     8 |    21 |    47 |    20 ||    97
       War axe           |     1 |       |    28 |   176 |    38 ||   243
       Broad axe         |       |       |       |       |    72 ||    72
Invok: Disaster Area     |       |       |       |     2 |    10 ||    12
       Elemental Force   |       |       |       |       |     1 ||     1
Evoke: Tin of tremorston |       |       |       |       |     2 ||     2
  Use: Potion            |       |       |     4 |     1 |    14 ||    19
       Scroll            |       |       |       |       |     2 ||     2
 Stab: Confused          |       |       |       |     2 |       ||     2
       Invisible         |       |       |       |     3 |     4 ||     7
Armor: Scale mail        |     1 |     3 |       |       |       ||     4
       Chain mail        |       |    10 |    47 |    47 |     3 ||   107
       Gold dragon scale |       |       |       |       |    11 ||    11
Dodge: Dodged            |       |    10 |    15 |    26 |     6 ||    57
Block: Kite shield       |     2 |    33 |   110 |   154 |    68 ||   367

Table legend: (Time is in decaauts)
 A = Elapsed time spent in this place.
 B = Non-inter-level travel time spent in this place.
 C = Inter-level travel time spent in this place.
 D = Time resting spent in this place.
 E = Time spent auto-exploring this place.
 F = Levels seen in this place.
 G = Mean time per level.
                   A        B        C        D        E       F      G
               +--------+--------+--------+--------+--------+-----+--------+
         Total |   4950 |   4939 |     11 |   3309 |     35 |   1 | 4950.0 |
       Dungeon |   4950 |   4939 |     11 |   3309 |     35 |   1 | 4950.0 |
               +--------+--------+--------+--------+--------+-----+--------+

Top non-repeatable levels by time:
       D: 4950 daAuts
